 Dungeon Crawl Stone Soup version 0.30-a0-883-g5ad918d77d (webtiles) character file.

Game seed: 1502120891488566652

70 Mlamla the Shield-Bearer (level 4, -2/40 HPs)
             Began as a Meteoran Fighter on Mar 16, 2023.
             Slain by a water moccasin (3 damage)
             ... on level 4 of the Dungeon.
             The game lasted 00:06:05 (766 turns).

Mlamla the Shield-Bearer (Meteoran Fighter)          Turns: 766, Time: 00:06:06

Health: -2/40      AC:  9    Str: 19    XL:     4   Next: 72%
Magic:  5/5        EV:  9    Int: 12    God:
Gold:   47         SH:  5    Dex: 14    Spells: 3/3 levels left

rFire   . . .      SeeInvis .    a - +0 war axe
rCold   . . .      Faith    .    c - +0 buckler
rNeg    . . .      Spirit   .    b - +0 scale mail
rPois   .          Reflect  .    m - +1 helmet {Int+3}
rElec   .          Rampage  .    (no cloak)
rCorr   .                        (no gloves)
Will    .....                    (no boots) Stlth
                                 k - amulet of magic regeneration
HPRegen 0.26/turn                (no ring)
MPRegen 0.49/turn                (no ring)

@: mighty, lethally poisoned (-2 -> -9), glowing
A: sense surroundings 1, otherworldly, glowing, explore regen
a: no special abilities


You were on level 4 of the Dungeon.
You visited 1 branch of the dungeon, and saw 5 of its levels.

You collected 47 gold pieces.

Inventory:

Hand Weapons
 a - a +0 war axe (weapon)
 q - the +6 dagger of Judgement {spect, Will+ Stlth+}
   (You found it on level 2 of the Dungeon)

   Will:      It increases your willpower.
   Stlth:     It makes you more stealthy.
Armour
 b - a +0 scale mail (worn)
 c - a +0 buckler (worn)
 m - a +1 helmet of intelligence (worn)
Magical Staves
 o - a staff of fire
Jewellery
 k - an amulet of magic regeneration (around neck)
Wands
 h - a wand of iceblast (8)
Scrolls
 e - a scroll of magic mapping {unknown}
 f - 2 scrolls of teleportation {unknown}
 g - a scroll of noise {unknown}
 i - 2 scrolls of vulnerability {unknown}
 j - a scroll of enchant armour {unknown}
 p - 4 scrolls of blinking {unknown}
Potions
 d - a potion of might
 l - a potion of curing {unknown}
 r - a potion of haste {unknown}


   Skills:
 + Level 3.6 Fighting
 * Level 3.9 Axes
 + Level 4.1 Armour
 + Level 0.7 Dodging
 + Level 4.1 Shields


You had 3 spell levels left.
You didn't know any spells.
Your spell library was empty.

Dungeon Overview and Level Annotations

Branches:
Dungeon (5/15) Zot: 2201
 Temple: D:4-7

Altars:


Innate Abilities, Weirdness & Mutations

You passively map a small area around you.
You are easily found by Zot.
You glow in the dark.
You regain HP and MP as you explore.


Message History

The water moccasin bites you.
* * * LOW HITPOINT WARNING * * *
The water moccasin bites you but does no damage.
You closely miss the water moccasin.
The water moccasin is lightly wounded.
* * * LOW HITPOINT WARNING * * *
You feel very sick.
The water moccasin bites you but does no damage.
The water moccasin bites you.
* * * LOW HITPOINT WARNING * * *
It was a potion of heal wounds.
You feel much better.
You feel very sick. You block the water moccasin's attack.
You slash the water moccasin!
The water moccasin is severely wounded.
You feel very sick. The water moccasin bites you.
You block the water moccasin's attack.
You miss the water moccasin.
The water moccasin is severely wounded.
You feel sick.
The water moccasin barely misses you. x2
You barely miss the water moccasin.
The water moccasin is severely wounded.
You feel sick. The water moccasin bites you.
You are more poisoned.
The water moccasin poisons you!
The water moccasin bites you but does no damage.
You completely miss the water moccasin.
The water moccasin is severely wounded.
* * * LOW HITPOINT WARNING * * *
You feel very sick. The water moccasin bites you.
* * * LOW HITPOINT WARNING * * *
You barely miss the water moccasin.
The water moccasin is severely wounded.
* * * LOW HITPOINT WARNING * * *
You feel very sick. The water moccasin bites you.
* * * LOW HITPOINT WARNING * * *
The water moccasin bites you.
You die...

, , ,, * , , ,
*, #######.# ,
#######.......#
, .......>#* *
....#.#.########
, . , #
#s.......# *
#S####.### . ,
#@# * , ... #.#
, ,, ##...###.#
?......<.# *,,
.......#.# *
...###.#.# . ,
#.#.# * ,*#.#.#
* , , #.#.#


You could see a water moccasin and a scorpion.

Vanquished Creatures
  Robin (D:2)
  A gnoll (D:2)
  An adder (D:2)
  A dart slug (D:1)
  5 ball pythons
  2 endoplasms (D:1)
  11 goblins
  3 hobgoblins
  2 jackals (D:2)
  A kobold (D:1)
  3 bats
  A frilled lizard (D:2)
  5 rats
37 creatures vanquished.

Notes
Turn   | Place    | Note
-------+----------+-------------------------------------------
     0 | D:1      | Mlamla the Meteoran Fighter began the quest for the Orb.
     0 | D:1      | Reached XP level 1. HP: 19/19 MP: 2/2
    71 | D:2      | Reached XP level 2. HP: 17/26 MP: 3/3
   174 | D:2      | Reached XP level 3. HP: 27/31 MP: 4/4
   205 | D:1      | Found a faded altar of an unknown god.
   335 | D:2      | Noticed Robin
   337 | D:2      | Reached XP level 4. HP: 38/39 MP: 5/5
   396 | D:2      | Killed Robin
   582 | D:2      | Identified the +6 dagger of Judgement {spect, Will+ Stlth+}
   750 | D:5      | Entered Level 5 of the Dungeon
   750 | D:5      | Noticed a water moccasin
   750 | D:5      | Noticed a scorpion
   750 | D:5      | Noticed an ogre
   760 | D:4      | HP: 1/40 [water moccasin (2)]
   766 | D:4      | HP: 1/40 [water moccasin (6)]
   766 | D:4      | Slain by a water moccasin

Illustrated notes

Levels and vault maps discovered:
D:1:      lightli_arrival_noodles, layout_rooms, shapermc_ecumenical_altar_venn,
          serial_shops, nicolae_shop_advertising_works
          [nicolae_subvault_shop_adworks], bh_walls_and_bars
D:2:      layout_basic, uniq_robin
D:3:      layout_basic
D:4:      kennysheep_six_static_rooms, layout_basic,
          mainiacjoe_overflow_catwalk_spiral, minmay_temple_entry_proselytizer
D:5:      layout_rooms, lemuel_coloured_pillars_altar, kb_xom_exploding_sheep

Skill      XL: |  1  2 |
---------------+-------+-----
Axes           | 3 |  3.9
Armour         | 4 |  4.1
Shields        | 4 |  4.1
Fighting       | |  3.6
Dodging        | |  0.7

Action                     |  1- 3 |  4- 6 || total
---------------------------+-------+-------++-------
  Melee: War axe           |    49 |    33 ||    82
    Use: Potion            |       |     2 ||     2
 Armour: Scale mail        |    37 |    27 ||    64
  Dodge: Dodged            |    29 |    20 ||    49
  Block: Buckler           |    20 |    19 ||    39

Table legend: (Time is in decaauts)
 A = Elapsed time spent in this place.
 B = Non-inter-level travel time spent in this place.
 C = Inter-level travel time spent in this place.
 D = Time resting spent in this place.
 E = Time spent auto-exploring this place.
 F = Levels seen in this place.
 G = Mean time per level.
                   A        B        C        D        E       F      G
               +--------+--------+--------+--------+--------+-----+--------+
         Total |    797 |    755 |     42 |      0 |      0 |   5 |  159.4 |
       Dungeon |    797 |    755 |     42 |      0 |      0 |   5 |  159.4 |
               +--------+--------+--------+--------+--------+-----+--------+

Top non-repeatable levels by time:
     D:2: 419 daAuts
     D:1: 271 daAuts
     D:3: 78 daAuts
     D:4: 25 daAuts
     D:5: 1 daAuts
